 Dungeon Crawl Stone Soup version 0.16.2-12-gd0ad4c3 (webtiles) character file.

3185 Peloso the Protected (level 9, -9/79 HPs)
             Began as a Minotaur Fighter on Oct 25, 2015.
             Was a Believer of Okawaru.
             Killed by an exploding giant spore (27 damage)
             ... summoned by a shadow trap
             ... triggered by a big kobold
             ... on level 9 of the Dungeon.
             The game lasted 00:31:49 (7198 turns).

Peloso the Protected (Minotaur Fighter)             Turns: 7198, Time: 00:31:49

Health: -9/79      AC: 22    Str: 27    XL:     9   Next: 64%
Magic:  4/4        EV:  9    Int:  9    God:    Okawaru [**....]
Gold:   458        SH:  0    Dex: 11    Spells: 0 memorised, 8 levels left

rFire  x . .     SeeInvis .     H - +2 great sword (freeze) (curse)
rCold  . . .     Clarity  .     D - +0 plate armour
rNeg   + . .     SustAb   .     (no shield)
rPois  +         Gourm    .     (helmet restricted)
rElec  .         Spirit   .     g - +2 cloak {MR+}
rCorr  +         Warding  .     r - +3 pair of gloves of the Peculiar Tales {+Inv rPois rF- Str+4 Slay+3}
rMut   .         Stasis   .     (no boots)
MR     +....                    x - amulet of resist corrosion
Stlth  ..........               C - ring of positive energy
                                e - +4 ring of intelligence

@: confused, somewhat resistant to hostile enchantments, extremely unstealthy
A: retaliatory headbutt, horns 2
a: Heroism, Renounce Religion, Evoke Invisibility


You were on level 9 of the Dungeon.
You worshipped Okawaru.
Okawaru was pleased with you.
You were near starving.

You visited 2 branches of the dungeon, and saw 10 of its levels.

You collected 458 gold pieces.

Inventory:

Hand weapons
 a - a +0 long sword
 u - a +1 war axe of chopping
 H - a cursed +2 great sword of freezing (weapon)
 Q - a cursed +0 falchion of protection
Armour
 b - a +0 scale mail
 c - a +0 shield
 g - a +2 cloak of magic resistance (worn)
 q - a +0 chain mail
 r - the +3 pair of gloves of the Peculiar Tales (worn) {+Inv rPois rF- Str+4 Slay+3}
   (You acquired it on level 7 of the Dungeon)

   It affects your strength (+4).
   It affects your accuracy and damage with ranged weapons and melee attacks
   (+3).
   It makes you vulnerable to fire.
   It protects you from poison.
   It lets you turn invisible.
 t - a +2 pair of gloves of archery
 D - a +0 plate armour (worn)
 K - a +2 buckler of positive energy
Jewellery
 e - a +4 ring of intelligence (left hand)
 j - an uncursed ring of flight {unknown}
 x - an amulet of resist corrosion (around neck)
 C - a ring of positive energy (right hand)
Magical devices
 n - a wand of fireball (6)
 p - a wand of teleportation (5)
 w - a wand of confusion (9)
 y - a wand of lightning (0)
 I - a wand of magic darts (30)
 P - a wand of draining (6)
Scrolls
 o - 4 scrolls of teleportation
 v - 2 scrolls of magic mapping {unknown}
 E - a scroll of fog
 J - 4 scrolls of fear
 M - a scroll of recharging
 N - a scroll of blinking
 R - a scroll of identify
 T - a scroll of amnesia {unknown}
Potions
 f - a potion of agility
 h - 3 potions of lignification
 i - 2 potions of invisibility
 l - 2 potions of heal wounds
 m - 5 potions of curing
 F - 3 potions of berserk rage
 G - a potion of mutation {unknown}
 L - a potion of haste {unknown}
 O - a potion of brilliance {unknown}
 S - a potion of poison {unknown}
Books
 s - a book of Party Tricks

   Spells                             Type                      Level
   a - Summon Butterflies             Summoning                    1
   b - Apportation                    Translocation                1
   c - Tukima's Dance                 Hexes                        3
   d - Alistair's Intoxication        Transmutation/Poison         4
   e - Invisibility                   Hexes                        6
 B - a book of Death

   Spells                             Type                      Level
   a - Corpse Rot                     Necromancy                   2
   b - Sublimation of Blood           Necromancy                   2
   c - Agony                          Necromancy                   5
   d - Dispel Undead                  Necromancy                   5
   e - Excruciating Wounds            Charms/Necromancy            5
   f - Bolt of Draining               Conjuration/Necromancy       5
Comestibles
 d - 8 bread rations
 k - 5 meat rations
 z - a beef jerky
 A - 9 slices of pizza


   Skills:
 + Level 7.1 Fighting
 + Level 7.8 Long Blades
 + Level 2.3 Axes
 + Level 9.3 Armour
 + Level 4.9 Dodging
 + Level 1.0 Stealth
 + Level 8.4 Shields
 + Level 0.6 Evocations


You had 8 spell levels left.
You didn't know any spells.

Dungeon Overview and Level Annotations

Branches:
Dungeon (9/15)             Temple (1/1) D:6
   Lair: D:8-11         Orc: D:9-12

Altars:
Ashenzari
Cheibriados
Dithmenos
Elyvilon
Okawaru
Qazlal
Ru
Sif Muna
Trog
Vehumet
Xom

Shops:
D:4 [   D:6 (}


Innate Abilities, Weirdness & Mutations

You reflexively headbutt those who attack you in melee.
You have a pair of horns on your head.


Message History

The adder's corpse disappears in a puff of smoke!
The killer bee completely misses you. The gnoll hits you but does no damage.
The killer bee barely misses you. The kobold hits you but does no damage.
The big kobold misses you. The orc hits you but does no damage.
The killer bee barely misses you. The gnoll hits you but does no damage.
The killer bee stings you but does no damage.
The killer bee stings you.
* * * LOW HITPOINT WARNING * * *
You feel sick.
You are no longer poisoned.
The killer bee stings you but does no damage.
Found a robe and a scroll of identify.
The killer bee closely misses you. You furiously retaliate!
You headbutt the killer bee!
You kill the killer bee!
The killer bee's corpse disappears in a puff of smoke!
The giant spore explodes!
The explosion of spores engulfs you!
You are confused.
You die...

##.## #..## .#
##..## #..#
##..# # #..#
##.## .# #..#
##g####.# #..
##gg#.# #.##
##^)$# #@##
#)K.###.#
##.####......#
#ogK..K.#...#
##..K....##.#
#...####.# ..
#..... .#
#..#.#. ..
##...### ...
##?[. ..


You could see a gnoll, an orc and 2 kobolds.

Vanquished Creatures
  Grinder (D:5)
  The ghost of bezhaha the Ducker, an average DsGl of Dithmenos (D:4)
  A deep elf fighter (D:8)
  A hippogriff (D:8)
  A water moccasin (D:9)
  An orc warrior (D:8)
  A black bear (D:8)
  5 ogres
  A phantom (D:4)
  A centaur (D:6)
  A big kobold (D:8)
  3 giant frogs
  3 scorpions
  9 wights
  3 killer bees (D:9)
  A water moccasin skeleton (D:6)
  A goliath beetle (D:6)
  A crimson imp (D:6)
  A giant frog skeleton (D:9)
  6 orc wizards
  A centaur skeleton (D:9)
  3 iguanas
  3 orc priests
  6 worker ants
  Ijyb (D:2)
  A mummy (D:9)
  16 adders
  6 gnolls
  4 shadow imps
  2 worms (D:3)
  2 adder zombies
  2 adder skeletons
  5 giant geckos
  18 orcs
  A bat zombie (D:5)
  11 goblins
  18 hobgoblins
  18 jackals
  16 kobolds
  4 quokkas
  A ball python (D:4)
  11 bats
  3 giant cockroaches
  A giant gecko skeleton (D:4)
  3 giant newts
  16 rats
  2 ballistomycetes (D:9)
218 creatures vanquished.

Vanquished Creatures (others)
  An ice beast (D:9)
  An orc wizard (D:4)
  A giant spore (D:9)
3 creatures vanquished.

Grand Total: 221 creatures vanquished

Notes
Turn   | Place    | Note
--------------------------------------------------------------
     0 | D:1      | Peloso, the Minotaur Fighter, began the quest for the Orb.
     0 | D:1      | Reached XP level 1. HP: 19/19 MP: 1/1
    15 | D:1      | Reached skill level 4 in Armour
    35 | D:1      | HP: 1/20 [hobgoblin (3)]
   247 | D:1      | Reached XP level 2. HP: 17/27 MP: 1/1
   289 | D:1      | Found a snail-covered altar of Cheibriados.
   937 | D:1      | Reached XP level 3. HP: 33/33 MP: 2/2
   940 | D:2      | Found a white marble altar of Elyvilon.
  1114 | D:2      | Noticed Ijyb
  1124 | D:2      | Killed Ijyb
  1142 | D:2      | Reached skill level 1 in Dodging
  1157 | D:2      | Found a sacrificial altar of Ru.
  1163 | D:2      | Found a shimmering altar of Xom.
  1472 | D:2      | Reached XP level 4. HP: 39/41 MP: 2/2
  2030 | D:3      | Reached skill level 5 in Armour
  2067 | D:3      | Reached XP level 5. HP: 47/47 MP: 2/2
  2456 | D:4      | Found Nuehaf's Armour Boutique.
  2775 | D:4      | Reached XP level 6. HP: 47/53 MP: 3/3
  2860 | D:4      | Noticed bezhaha's ghost (average DsGl)
  2880 | D:4      | Killed bezhaha's ghost
  2880 | D:4      | Reached skill level 1 in Axes
  2880 | D:4      | Reached skill level 6 in Armour
  2880 | D:4      | Reached skill level 5 in Shields
  2894 | D:4      | Noticed a phantom
  2902 | D:4      | Killed a phantom
  2902 | D:4      | Reached XP level 7. HP: 49/60 MP: 3/3
  3394 | D:4      | Found a deep blue altar of Sif Muna.
  3461 | D:4      | Reached skill level 5 in Fighting
  3574 | D:4      | Noticed an ogre
  3588 | D:4      | Killed an ogre
  3676 | D:5      | Entered Level 5 of the Dungeon
  4130 | D:5      | Found an iron altar of Okawaru.
  4131 | D:5      | Found a bloodstained altar of Trog.
  4161 | D:5      | Became a worshipper of Warmaster Okawaru
  4246 | D:5      | Reached skill level 7 in Armour
  4266 | D:5      | Noticed Grinder
  4297 | D:5      | Killed Grinder
  4297 | D:5      | Reached XP level 8. HP: 18/69 MP: 3/3
  4614 | D:6      | Reached skill level 5 in Long Blades
  4621 | D:6      | Acquired Okawaru's first power
  4694 | D:6      | Found Wiaq's Weapon Shoppe.
  4710 | D:6      | Found Bluluaw's Quality Used Wands.
  4860 | D:6      | Found a radiant altar of Vehumet.
  4931 | D:6      | Reached skill level 8 in Armour
  4987 | D:6      | Found a staircase to the Ecumenical Temple.
  4998 | Temple   | Entered the Ecumenical Temple
  5621 | D:7      | Reached XP level 9. HP: 75/75 MP: 4/4
  5728 | D:7      | Found a snail-covered altar of Cheibriados.
  5731 | D:7      | Found a shadowy altar of Dithmenos.
  5739 | D:7      | Found a stormy altar of Qazlal.
  5808 | D:7      | Identified a scroll of acquirement
  5811 | D:7      | Got a pair of bloodstained gloves
  5822 | D:7      | Identified the +3 pair of gloves of the Peculiar Tales {+Inv rPois rF- Str+4 Slay+3} (You acquired it on level 7 of the Dungeon)
  6615 | D:8      | Reached skill level 9 in Armour
  7179 | D:9      | Reached skill level 1 in Stealth
  7198 | D:9      | Killed by an exploding giant spore

Action                   |  1- 3 |  4- 6 |  7- 9 || total
-------------------------+-------+-------+-------++-------
Melee: Long sword        |    83 |    72 |   199 ||   354
       Hand axe          |       |   110 |    84 ||   194
       Great sword       |       |       |   107 ||   107
Evoke: Wand              |       |       |     3 ||     3
  Use: Scroll            |       |     8 |    10 ||    18
       Potion            |       |     1 |       ||     1
  Eat: Chunk             |     1 |     5 |    12 ||    18
       Beef jerky        |       |       |     1 ||     1
